Map: Blackburn LE

Players

Future

  • Race: Terran Terran

DisK - Winner!

  • Race: Protoss Protoss

Event: DreamHack SC2 Masters 2021 Summer

VOD

Have the link to the VOD?

Description

Time

  • Played on: May 28, 2021, 4:15 p.m.
  • Length: 9:50

All games in this series

Show
View Real Time Build Order
Export as new Build Order

Future Terran 

Build Orders:  

Get SALT Encoding   

  12  0:00  SCV  
  13  0:13  SCV  
  14  0:17  Supply Depot  
  14  0:25  SCV  
  15  0:38  SCV  
  15  0:39  Barracks  
  16  0:43  Refinery  
  16  0:50  SCV  
  17  1:03  SCV  
  18  1:15  SCV  
  19  1:26  Marine  
  19  1:27  Orbital Command  
  20  1:41  Command Center  
  20  1:44  Barracks Reactor  
  20  1:52  SCV  
  21  1:58  Supply Depot  
  21  2:04  SCV  
  22  2:10  Factory  
  22  2:16  SCV  
  22  2:21  Marine x2  
  25  2:29  SCV  
  26  2:30  Refinery  
  26  2:32  Bunker  
  26  2:39  Marine x2  
  26  2:41  SCV  
  29  2:53  SCV  
  29  2:54  Orbital Command  
  29  3:00  Starport  
  30  3:06  SCV, Marine  
  30  3:08  Marine  
  30  3:12  Widow Mine  
  34  3:18  SCV  
  34  3:19  SCV  
  36  3:24  Marine  
  36  3:25  Marine  
  38  3:30  SCV  
  38  3:31  SCV  
  38  3:32  Supply Depot  
  40  3:37  Medivac  
  42  3:42  Widow Mine, SCV  
  42  3:43  SCV  
  42  3:47  Barracks  
  46  3:54  SCV  
  46  3:55  Supply Depot  
  47  3:56  SCV, Marine  
  47  3:57  Marine  
  50  4:04  Factory Tech Lab  
  50  4:06  SCV  
  50  4:08  SCV  
  52  4:10  Barracks  
  52  4:15  Marine x2  
  54  4:18  SCV  
  54  4:20  SCV, Supply Depot  
  56  4:31  SCV  
  57  4:32  SCV  
  57  4:35  Marine x2  
  57  4:36  Factory Tech Lab  
  60  4:43  SCV, Supply Depot  
  60  4:44  SCV  
  60  4:45  Marauder  
  64  4:49  Stimpack  
  64  4:54  Marine x2  
  64  4:55  SCV  
  64  4:56  SCV  
  64  4:58  Supply Depot  
  66  5:01  Marine  
  66  5:05  Siege Tank  
  66  5:07  Marauder  
  68  5:10  Refinery  
  68  5:12  Marine x2  
  70  5:15  Starport Reactor, Supply Depot  
  70  5:18  Marine  
  71  5:23  Refinery, SCV x2, Supply Depot  
  73  5:31  Marine  
  73  5:32  Marauder, Marine  
  73  5:35  SCV x2  
  79  5:49  Combat Shield  
  81  5:50  Marauder  
  81  5:57  Marine, Marauder, Engineering Bay  
  83  5:58  Medivac  
  83  5:59  Medivac  
  83  6:00  Factory Tech Lab, Marine  
  89  6:07  Supply Depot  
  89  6:10  Supply Depot  
  89  6:12  Marauder  
  89  6:15  Marine  
  89  6:18  Marauder, Marine, Siege Tank  
  98  6:24  Terran Infantry Weapons Level 1, Missile Turret  
  98  6:27  Missile Turret  
  98  6:28  Medivac  
  98  6:29  Medivac  
  102  6:34  Marauder  
  102  6:35  Marine  
  102  6:36  Marine  
  105  6:53  Siege Tank  
  106  6:55  Marine x2  
  106  6:57  Marine  
  106  6:58  Command Center  
  106  6:59  Marauder  
  109  7:05  Concussive Shells  
  109  7:13  Viking x2  
  113  7:16  Marauder  
  113  7:22  Marauder, Marine  
  118  7:40  Barracks x2, Marine  
  118  7:42  Marauder  
  112  7:45  Marauder, Siege Tank  
  112  7:48  Viking  
  118  7:54  SCV, Viking  
  118  7:55  Supply Depot  
  118  7:56  Supply Depot  
  121  7:58  SCV  
  121  8:03  Marauder  
  123  8:06  SCV  
  123  8:10  SCV  
  123  8:12  Marauder  
  127  8:18  Siege Tank  
  130  8:20  SCV  
  130  8:21  Orbital Command  
  130  8:22  SCV  
  130  8:25  Marauder  
  130  8:26  Viking  
  136  8:34  SCV  
  136  8:40  Marauder, Marine x2  
  141  8:41  SCV  
  141  8:44  Viking  
  141  8:46  Marauder  
  146  8:50  Siege Tank  
  146  8:53  Barracks Reactor, Barracks Tech Lab  
  147  8:59  SCV x2  
  149  9:08  Marauder  
  149  9:09  Marauder  
  109  9:19  Medivac x2  
  109  9:22  Marauder  
  104  9:24  Marine x2  
  107  9:31  Marine x2  
Show
View Real Time Build Order
Export as new Build Order

DisK Protoss - Winner!

Build Orders: 1 Gate Expand, Blink Stalkers 

Get SALT Encoding   

  12  0:00  Probe  
  13  0:12  Probe  
  14  0:17  Pylon  
  14  0:24  Probe  
  15  0:35  Gateway  
  15  0:37  Probe (Chrono Boost)  
  16  0:46  Probe (Chrono Boost)  
  17  0:50  Assimilator  
  17  0:51  Probe (Chrono Boost)  
  18  1:03  Probe  
  19  1:15  Probe  
  20  1:23  Cybernetics Core  
  23  1:35  Nexus  
  23  1:37  Probe  
  21  1:45  Assimilator  
  21  1:49  Pylon  
  21  1:55  Probe  
  22  2:06  Adept (Chrono Boost)  
  22  2:07  Probe  
  25  2:09  Warp Gate  
  25  2:19  Probe  
  26  2:25  Twilight Council  
  26  2:31  Probe  
  26  2:32  Stalker  
  29  2:43  Probe (Chrono Boost)  
  30  2:48  Probe (Chrono Boost)  
  31  2:55  Probe (Chrono Boost)  
  31  2:57  Probe (Chrono Boost)  
  31  3:00  Probe (Chrono Boost)  
  31  3:02  Probe (Chrono Boost)  
  31  3:03  Blink (Chrono Boost), Stalker  
  35  3:09  Probe  
  36  3:14  Probe  
  36  3:19  Gateway  
  37  3:21  Probe  
  37  3:26  Probe  
  39  3:30  Gateway  
  38  3:38  Probe x2  
  40  3:45  Pylon  
  40  3:50  Probe x2  
  40  3:51  Shield Battery  
  40  3:52  Robotics Facility  
  42  3:59  Stalker  
  42  4:02  Probe  
  45  4:03  Shield Battery  
  45  4:07  Pylon  
  45  4:08  Probe  
  46  4:14  Stalker  
  48  4:19  Assimilator  
  48  4:20  Probe  
  48  4:21  Probe  
  48  4:24  Assimilator  
  50  4:26  Stalker  
  52  4:37  Stalker  
  52  4:38  Probe x2  
  56  4:39  Observer  
  56  4:42  Stalker  
  59  4:57  Probe  
  60  5:01  Probe  
  61  5:09  Probe  
  61  5:11  Robotics Bay  
  62  5:16  Pylon  
  62  5:24  Nexus  
  62  5:26  Pylon  
  62  5:32  Observer  
  62  5:34  Observer  
  63  5:37  Sentry x2  
  63  5:38  Forge  
  63  5:41  Probe x2, Observer  
  69  5:43  Charge  
  69  5:50  Gateway  
  69  5:52  Gateway  
  69  5:53  Probe x2  
  71  6:03  Colossus (Chrono Boost)  
  71  6:05  Probe  
  71  6:06  Shield Battery  
  78  6:17  Pylon  
  78  6:18  Pylon  
  78  6:20  Protoss Ground Weapons Level 1 (Chrono Boost)  
  78  6:33  Extended Thermal Lance  
  78  6:34  Observer  
  78  6:35  Probe x2  
  80  6:47  Probe, Colossus (Chrono Boost)  
  80  6:52  Zealot  
  80  6:53  Zealot x3  
  95  6:57  Stalker  
  97  7:06  Observer  
  97  7:14  Stalker x2  
  97  7:15  Zealot x2  
  103  7:17  Shield Battery  
  103  7:21  Shield Battery  
  103  7:44  Zealot x3  
  103  7:48  Observer  
  103  7:50  Pylon, Zealot  
  103  7:51  Pylon  
  109  7:52  Pylon  
  109  7:58  Gateway  
  105  7:59  Gateway  
  105  8:02  Gateway  
  105  8:03  Zealot  
  105  8:04  Pylon  
  105  8:05  Zealot x2  
  109  8:10  Zealot x2  
  113  8:16  Disruptor (Chrono Boost)  
  116  8:24  Zealot  
  116  8:25  Probe x3  
  116  8:27  Gateway  
  121  8:29  Gateway  
  121  8:31  Zealot x3  
  127  8:35  Zealot, Pylon  
  127  8:41  Pylon  
  129  8:42  Shield Battery  
  126  9:00  Zealot x8  
  109  9:20  Zealot x8  
  131  9:32  Templar Archives  
  131  9:34  Probe x2  
  131  9:35  Probe  
  134  9:39  Nexus  
Tags
 
Add a new tag
Caveats
  • Supply blocks, unpowered buildings, or Contaminate may cause inaccurate times.
  • Supply counts are checked every 10 seconds.